 Dungeon Crawl Stone Soup version 0.20-a0-1015-g2ec8a95 (webtiles) character file.

392 mopl the Sneak (level 6, 0/34 HPs)
             Began as a Deep Elf Assassin on Apr 15, 2017.
             Slain by an orc wizard
             ... wielding a +0 dagger
              (3 damage)
             ... on level 4 of the Dungeon.
             The game lasted 00:05:13 (2811 turns).

mopl the Sneak (Deep Elf Assassin)                  Turns: 2811, Time: 00:05:14

Health: 0/34       AC:  4    Str:  8    XL:     6   Next: 50%
Magic:  8/8        EV: 12    Int: 16    God:
Gold:   125        SH:  0    Dex: 18    Spells: 5/5 levels left

rFire    . . .     SeeInvis .   a - +2 short sword (drain)
rCold    . . .     Gourm    .   (no shield)
rNeg     . . .     Faith    .   B - +0 robe
rPois    .         Spirit   .   s - +0 helmet
rElec    .         Reflect  .   G - +0 cloak (curse)
rCorr    .         Harm     .   (no gloves)
MR       .....     Rnd*Tele +   (no boots)
Stlth    ++++......             v - amulet of magic regeneration
Regen    0.2/turn               f - ring of teleportation (curse)
MPRegen  0.2/turn               (no ring)

@: no status effects
A: no striking features
a: no special abilities


You were on level 4 of the Dungeon.
You were not hungry.

You visited 1 branch of the dungeon, and saw 4 of its levels.

You collected 125 gold pieces.

Inventory:

Hand Weapons
 a - a +2 short sword of draining (weapon)
 b - a +0 blowgun
 c - a +2 dagger of venom
 h - a +2 dagger
Missiles
 e - 7 poisoned needles
 q - a curare-tipped needle
Armour
 i - a +0 cloak
 s - a +0 helmet (worn)
 x - a +0 buckler
 B - a +0 robe (worn)
 G - a cursed +0 cloak (worn)
Jewellery
 f - a cursed ring of teleportation (left hand)
 v - an amulet of magic regeneration (around neck)
Scrolls
 j - 3 scrolls of identify {unknown}
 l - a scroll of noise {unknown}
 m - 2 scrolls of amnesia {unknown}
 n - a scroll of enchant armour {unknown}
 o - a scroll of enchant weapon {unknown}
 r - a scroll of blinking {unknown}
 t - a scroll of fog {unknown}
 y - 2 scrolls of remove curse {unknown}
 D - a scroll of random uselessness {unknown}
Potions
 p - a potion of berserk rage {unknown}
 u - a potion of agility {unknown}
 A - a potion of mutation {unknown}
 C - 2 potions of haste {unknown}
 E - a potion of lignification {unknown}
 F - a potion of might {unknown}
Comestibles
 g - 3 bread rations
 k - 3 royal jellies
 w - a meat ration
 z - 6 fruits


   Skills:
 - Level 1.5 Fighting
 + Level 4.3 Short Blades
 + Level 4.3 Throwing
 - Level 1.2 Dodging
 + Level 6.9 Stealth


You had 5 spell levels left.
You didn't know any spells.

Dungeon Overview and Level Annotations

Branches:
Dungeon (4/15)
 Temple: D:4-7

Altars:
Qazlal
Uskayaw

Annotations:
D:4 1 exclusion, Blork the orc


Message History

You hit the orc.
The orc is heavily wounded.
The orc hits you with a club.
* * * LOW HITPOINT WARNING * * *
You hit the orc but do no damage. You drain the orc!
You kill the orc!
Things that are here:
a club; a scale mail; an orc corpse You miss the orc wizard.
The orc wizard is moderately wounded.
The orc wizard barely misses you.
You closely miss the orc wizard.
The orc wizard is lightly wounded.
The orc wizard casts a spell at you. The puff of flame hits you!
* * * LOW HITPOINT WARNING * * *
You miss the orc wizard.
The orc wizard is lightly wounded.
The orc wizard hits you with a dagger.
You die...

........# #......#
.......#
........#####......#
......#
...........#.......#
#...##
....#'####.#......##
####
##'##.####.#......#
#.#..<#...#.#########
#.#####.###.# #...#
#.# #.# #.#####.#
#.#####.###....@oo#
#...##....#########
###.##...........
#.##.##.#######
#.##....# #.......#
...........#
#########..# ####


You could see an orc wizard and an orc.

Vanquished Creatures
  Sigmund (D:2)
  An orc wizard (D:4)
  An orc priest (D:4)
  A hound (D:4)
  4 adders
  An ooze (D:3)
  An adder skeleton (D:4)
  A dart slug (D:2)
  5 leopard geckos
  8 orcs (D:4)
  5 giant cockroaches
  9 goblins
  9 hobgoblins
  9 jackals
  A quokka (D:2)
  7 bats
  7 frilled lizards
  7 kobolds
  7 rats
85 creatures vanquished.

Notes
Turn   | Place    | Note
-------+----------+-------------------------------------------
     0 | D:1      | mopl the Deep Elf Assassin began the quest for the Orb.
     0 | D:1      | Reached XP level 1. HP: 12/12 MP: 3/3
    61 | D:1      | Reached XP level 2. HP: 9/16 MP: 4/4
   219 | D:1      | Reached skill level 5 in Stealth
   411 | D:1      | Reached XP level 3. HP: 20/20 MP: 5/5
   535 | D:2      | Noticed Sigmund
   567 | D:2      | Killed Sigmund
   567 | D:2      | Reached skill level 3 in Short Blades
   567 | D:2      | Reached skill level 3 in Throwing
   567 | D:2      | Reached skill level 6 in Stealth
   567 | D:2      | Reached XP level 4. HP: 13/25 MP: 6/6
   567 | D:2      | Reached XP level 5. HP: 15/29 MP: 7/7
   593 | D:2      | Found a faded altar of an unknown god.
  1431 | D:3      | Noticed a dagger
  1434 | D:3      | Noticed a dagger
  1434 | D:3      | Found a hide-covered altar of Uskayaw.
  1899 | D:4      | Reached skill level 4 in Short Blades
  1899 | D:4      | Reached XP level 6. HP: 34/34 MP: 8/8
  1953 | D:4      | Reached skill level 4 in Throwing
  2155 | D:4      | Noticed Blork the orc
  2734 | D:3      | Found a stormy altar of Qazlal.
  2811 | D:4      | Slain by an orc wizard

Vault maps used:
D:1:      dpeg_arrival_chase
D:2:      chequers_ecumenical_altar_simple_redux, serial_glass, glass_columns_c,
          glass_columns_b, glass_columns_c, first_bread, uniq_sigmund
D:3:      lemuel_upstairs_altar, dancing_weapons_uskayaw
D:4:      minmay_temple_entry_steel_oval, tgw_sif

Skill      XL: |  1  2  3  4  5  6 |
---------------+-------------------+-----
Stealth        | 5 6 |  6.9
Short Blades   | 3 4 |  4.3
Throwing       | 3 4 |  4.3
Fighting       | |  1.5
Dodging        | |  1.2

Action                   |  1- 3 |  4- 6 || total
-------------------------+-------+-------++-------
Melee: Short sword       |    40 |   142 ||   182
       Dagger            |     9 |       ||     9
 Fire: Blowgun           |     8 |       ||     8
 Stab: Sleeping          |     3 |    11 ||    14
       Distracted        |       |     2 ||     2
  Eat: Chunk             |       |     6 ||     6
Armor: Robe              |    10 |    40 ||    50
Dodge: Dodged            |    36 |    89 ||   125
